[Event "ICC tourney 2410 (45 10)"]
[Site "Internet Chess Club"]
[Date "2021.02.27"]
[Round "5"]
[White "JORAJURIA MENDOZA, ALGOL:AJM04"]
[Black "KUMAR, SRIRAM K:sirking2800"]
[Result "1/2-1/2"]
[ICCResult "Game drawn by mutual agreement"]
[WhiteElo "2050"]
[BlackElo "2005"]
[Opening "Ruy Lopez: closed, anti-Marshall 8.a4"]
[ECO "C88"]
[NIC "RL.18"]
[Time "21:02:09"]
[PlyCount "60"]
[TimeControl "2700+10"]

1. e4 e5 2. Nf3 Nc6 3. Bb5 a6 4. Ba4 Nf6 5. O-O Be7 6. Re1 b5 7. Bb3 O-O 8.
a4 Bb7 9. d3 d6 10. Nc3 b4 11. Nd5 Nxd5 12. Bxd5 Na5 13. Bxb7 Nxb7 14. d4
Bf6 15. dxe5 dxe5 16. Qe2 c5 17. Be3 Qc7 18. Nd2 Nd6 19. f3 Qc6 20. a5 Rac8
21. Nc4 Nxc4 22. Qxc4 Rfd8 23. Red1 Kf8 24. Rxd8+ Bxd8 25. Rd1 Be7 26. Kf2
Bd6 27. Ke2 Ke7 28. b3 Ra8 29. Rd5 Rc8 30. g3 Qb5 { Game drawn by mutual
agreement } 1/2-1/2

[Event "ICC tourney 2410 (45 10)"]
[Site "Internet Chess Club"]
[Date "2021.02.27"]
[Round "5"]
[White "MOREFIELD, JASON P:MBJPM"]
[Black "SAMUELSON, ANDREW:phoenix10q72"]
[Result "1-0"]
[ICCResult "Black resigns"]
[WhiteElo "2349"]
[BlackElo "2281"]
[Opening "Benoni: classical, 9...Re8, 10.Nd2"]
[ECO "A77"]
[NIC "BI.05"]
[Time "21:01:46"]
[PlyCount "63"]
[TimeControl "2700+10"]

1. d4 Nf6 2. c4 c5 3. d5 e6 4. Nc3 exd5 5. cxd5 d6 6. Nf3 g6 7. Nd2 Bg7 8.
e4 O-O 9. Be2 Re8 10. O-O Nbd7 11. Re1 Ne5 12. f4 Neg4 13. Bf3 h5 14. h3
Nxd5 15. Nxd5 Bd4+ 16. Kf1 Qh4 17. Ke2 Nf2 18. Qa4 Bf5 19. Qc2 Bxe4 20.
Nxe4 f5 21. Kf1 fxe4 22. Be3 Nd3 23. Bxd4 Nxe1 24. Rxe1 cxd4 25. Rxe4 Rec8
26. Ne7+ Qxe7 27. Qxc8+ Rxc8 28. Rxe7 d3 29. Ke1 Rc1+ 30. Kd2 Rc2+ 31. Kxd3
Rxb2 32. Rxb7 { Black resigns } 1-0

[Event "ICC tourney 2410 (45 10)"]
[Site "Internet Chess Club"]
[Date "2021.02.27"]
[Round "5"]
[White "CHEN, JONATHAN:WCCJCB"]
[Black "HEBDEN, MARK L:mhebden"]
[Result "1-0"]
[ICCResult "Black resigns"]
[WhiteElo "2216"]
[BlackElo "2503"]
[Opening "Benoni: fianchetto variation"]
[ECO "A62"]
[NIC "BI.23"]
[Time "21:01:48"]
[PlyCount "77"]
[TimeControl "2700+10"]

1. d4 Nf6 2. c4 g6 3. Nc3 Bg7 4. Nf3 O-O 5. g3 c5 6. d5 e6 7. Bg2 exd5 8.
cxd5 d6 9. O-O Re8 10. Bf4 a6 11. a4 Ne4 12. Nxe4 Rxe4 13. Ra2 Qe7 14. Re1
Nd7 15. b3 Nf6 16. Nd2 Rxf4 17. gxf4 Bg4 18. h3 Bh5 19. Qb1 Re8 20. e3 b5
21. axb5 axb5 22. Qd3 b4 23. Nc4 Rd8 24. Ra6 Ne8 25. e4 Bc3 26. Rf1 f5 27.
e5 Qh4 28. Nxd6 Nxd6 29. Rxd6 Rxd6 30. exd6 Qxf4 31. d7 Qd6 32. Qb5 Kf7 33.
Qc6 Qxc6 34. dxc6 Ke7 35. Rc1 f4 36. Bd5 Be2 37. Rc2 f3 38. Ra2 Bf6 39. Ra8
{ Black resigns } 1-0

[Event "ICC tourney 2410 (45 10)"]
[Site "Internet Chess Club"]
[Date "2021.02.27"]
[Round "5"]
[White "DAI, GEORGE JINGCHANG:GeorgeDai"]
[Black "Vittal, Sanjana:MCTS13"]
[Result "0-1"]
[ICCResult "White resigns"]
[WhiteElo "2078"]
[BlackElo "2195"]
[Opening "QGD: 3.Nc3"]
[ECO "D31"]
[NIC "QP.08"]
[Time "21:01:49"]
[PlyCount "38"]
[TimeControl "2700+10"]

1. d4 d5 2. c4 e6 3. Nc3 Bb4 4. Qa4+ Nc6 5. Nf3 Nf6 6. Bg5 h6 7. Bh4 g5 8.
Bg3 Ne4 9. Rc1 h5 10. Ne5 h4 11. cxd5 hxg3 12. f3 Nf2 13. dxc6 Bxc3+ 14.
Rxc3 b5 15. Qxb5 Nxh1 16. Ng4 f5 17. Qe5 Kf7 18. Ne3 gxh2 19. d5 Ng3 {
White resigns } 0-1

[Event "ICC tourney 2410 (45 10)"]
[Site "Internet Chess Club"]
[Date "2021.02.27"]
[Round "5"]
[White "BELOUS, VLADIMIR:Openyagami"]
[Black "LEVIN, EVGENY A:Assured"]
[Result "1/2-1/2"]
[ICCResult "Game drawn by repetition"]
[WhiteElo "2601"]
[BlackElo "2577"]
[Opening "English: Mikenas-Carls variation"]
[ECO "A18"]
[NIC "EO.57"]
[Time "21:01:42"]
[PlyCount "54"]
[TimeControl "2700+10"]

1. c4 Nf6 2. Nc3 e6 3. e4 d5 4. cxd5 exd5 5. e5 Ne4 6. Nf3 Bf5 7. Be2 d4 8.
Nxe4 Bxe4 9. d3 Bd5 10. O-O Nc6 11. Qa4 Qd7 12. Bf4 Bc5 13. Rac1 Bb6 14. b4
O-O 15. Bg3 a5 16. b5 Nb4 17. Ra1 c6 18. bxc6 Bxc6 19. Qb3 Bd5 20. Qb1 Bc5
21. Rc1 b6 22. Nd2 Rac8 23. a3 Nc6 24. Nb3 Be7 25. Nd2 Bc5 26. Nb3 Be7 27.
Nd2 Bc5 { Game drawn by repetition } 1/2-1/2

[Event "ICC tourney 2410 (45 10)"]
[Site "Internet Chess Club"]
[Date "2021.02.27"]
[Round "5"]
[White "IVANOV, ALEXANDER:marble"]
[Black "Dragun, Kamil:Dragso95"]
[Result "1/2-1/2"]
[ICCResult "Game drawn by mutual agreement"]
[WhiteElo "2511"]
[BlackElo "2619"]
[Opening "Van't Kruijs opening"]
[ECO "A00"]
[Time "21:01:47"]
[PlyCount "54"]
[TimeControl "2700+10"]

1. e3 e5 2. d4 d6 3. c4 Nd7 4. Nc3 g6 5. g3 Bg7 6. Bg2 f5 7. Nge2 Ngf6 8.
b3 O-O 9. Bb2 h6 10. Qd2 a6 11. e4 exd4 12. Nxd4 Re8 13. f3 fxe4 14. fxe4
Ne5 15. O-O c6 16. Nf3 Nfg4 17. Kh1 Be6 18. Nxe5 Nxe5 19. Ne2 Qe7 20. Nf4
Bf7 21. Nd3 Nxd3 22. Bxg7 Kxg7 23. Qxd3 Qe5 24. Rad1 Rad8 25. Rd2 Be6 26.
Qd4 c5 27. Qd3 Re7 { Game drawn by mutual agreement } 1/2-1/2

[Event "ICC tourney 2410 (45 10)"]
[Site "Internet Chess Club"]
[Date "2021.02.27"]
[Round "5"]
[White "MAR, RACHAEL YUNXI:KittiesRock18"]
[Black "BERKLEY, DARRIN K:drberkley"]
[Result "1/2-1/2"]
[ICCResult "Game drawn by mutual agreement"]
[WhiteElo "1916"]
[BlackElo "1955"]
[Opening "Pirc: classical (two knights) system"]
[ECO "B08"]
[NIC "PU.10"]
[Time "21:02:36"]
[PlyCount "73"]
[TimeControl "2700+10"]

1. e4 d6 2. Nf3 Nf6 3. Nc3 g6 4. d4 Bg7 5. Bc4 O-O 6. O-O Nxe4 7. Nxe4 d5
8. Bd3 dxe4 9. Bxe4 c5 10. c3 cxd4 11. Nxd4 Qb6 12. Nb3 Nc6 13. Be3 Qc7 14.
Qe2 b6 15. Rad1 Bb7 16. Nd4 Rad8 17. Nxc6 Bxc6 18. Bxc6 Qxc6 19. Bf4 Qa4
20. Bg5 Rxd1 21. Rxd1 e6 22. a3 Rc8 23. Rd6 h6 24. Bc1 Rc7 25. Be3 Qe4 26.
Rd8+ Kh7 27. f3 Qh4 28. Rd2 Be5 29. g3 Qh5 30. a4 Bg7 31. Bf4 Qc5+ 32. Kg2
e5 33. Be3 Qc4 34. Qxc4 Rxc4 35. Rd7 Rxa4 36. Rxf7 Ra2 37. Kg1 { Game drawn
by mutual agreement } 1/2-1/2

[Event "ICC tourney 2410 (45 10)"]
[Site "Internet Chess Club"]
[Date "2021.02.27"]
[Round "5"]
[White "TRANDAFIR, STEFAN:trandaferrari"]
[Black "TURCOTTE,JONATHAN:JonnyTurgi"]
[Result "0-1"]
[ICCResult "White resigns"]
[WhiteElo "1982"]
[BlackElo "2087"]
[Opening "Caro-Kann: classical, Spassky variation"]
[ECO "B19"]
[NIC "CK.12"]
[Time "21:01:41"]
[PlyCount "80"]
[TimeControl "2700+10"]

1. e4 c6 2. d4 d5 3. Nc3 dxe4 4. Nxe4 Bf5 5. Ng3 Bg6 6. h4 h6 7. Nf3 Nd7 8.
h5 Bh7 9. Bd3 Bxd3 10. Qxd3 e6 11. Bd2 Ngf6 12. O-O-O Be7 13. Ne4 Nxe4 14.
Qxe4 Nf6 15. Qe2 Qd5 16. c4 Qe4 17. Qxe4 Nxe4 18. Be3 f5 19. Ne5 f4 20. f3
fxe3 21. fxe4 Bb4 22. Nf3 e2 23. Rd3 O-O-O 24. a3 e1=Q+ 25. Nxe1 Bxe1 26.
Rxe1 Rhf8 27. Ree3 Rf1+ 28. Kd2 Rdf8 29. Re2 Rh1 30. Rg3 Rf7 31. Rg6 Rxh5
32. Rxe6 Rg5 33. d5 Kd7 34. Kd3 Rf1 35. Ke3 Rg3+ 36. Kd4 Rd1+ 37. Ke5 Rg5+
38. Kf4 Rd3 39. g4 Rd1 40. Re5 Rf1+ { White resigns } 0-1

[Event "ICC tourney 2410 (45 10)"]
[Site "Internet Chess Club"]
[Date "2021.02.27"]
[Round "5"]
[White "JAYASUNDERA, SHANE:Ethan03"]
[Black "Siamon, David:kasparov57349"]
[Result "0-1"]
[ICCResult "White checkmated"]
[WhiteElo "1987"]
[BlackElo "2153"]
[Opening "Caro-Kann: advance variation"]
[ECO "B12"]
[NIC "CK.02"]
[Time "21:01:53"]
[PlyCount "144"]
[TimeControl "2700+10"]

1. e4 c6 2. d4 d5 3. e5 c5 4. dxc5 e6 5. a3 Nc6 6. Nf3 Bxc5 7. b4 Bb6 8.
Bb2 Nge7 9. Bd3 Ng6 10. O-O O-O 11. Re1 f6 12. Bxg6 hxg6 13. exf6 gxf6 14.
Qd3 Kg7 15. c4 dxc4 16. Qxc4 Qd5 17. Qxd5 exd5 18. Nc3 d4 19. Nd5 Rd8 20.
Nxb6 axb6 21. Rad1 Bg4 22. b5 Ne5 23. Rxd4 Nxf3+ 24. gxf3 Rxd4 25. Bxd4
Bxf3 26. Re3 Bd5 27. Bxb6 Rc8 28. h3 g5 29. Kh2 Rc1 30. f3 Kg6 31. a4 Rc2+
32. Kg1 Kf5 33. Rd3 Be6 34. Rd4 Ke5 35. Re4+ Kd6 36. Rd4+ Bd5 37. f4 gxf4
38. Rxf4 Ke5 39. Rf2 Rc1+ 40. Kh2 f5 41. Ba7 Ra1 42. Bb8+ Kf6 43. Rd2 Be4
44. Rd4 Kg5 45. Kg3 Ra3+ 46. Kf2 Rxh3 47. a5 Rb3 48. Bc7 Rxb5 49. Rd8 Bd5
50. Rd7 f4 51. Rg7+ Kf5 52. Rh7 Rb2+ 53. Ke1 f3 54. Rh5+ Ke4 55. Re5+ Kd4
56. Rf5 Re2+ 57. Kf1 Rg2 58. Bb6+ Ke4 59. Rf8 Bc4+ 60. Ke1 Re2+ 61. Kf1
Ra2+ 62. Ke1 Bd5 63. Re8+ Kd3 64. Re3+ Kc4 65. Re8 Bc6 66. Rf8 Kc3 67. Rf6
Re2+ 68. Kf1 Rg2 69. Rf8 Bb5+ 70. Ke1 Re2+ 71. Kd1 Ba4+ 72. Kc1 Re1# {
White checkmated } 0-1

[Event "ICC tourney 2410 (45 10)"]
[Site "Internet Chess Club"]
[Date "2021.02.27"]
[Round "5"]
[White "NGO, BACH:Dking135799"]
[Black "VAKHIDOV, JAKHONGIR:TjkTiger"]
[Result "1-0"]
[ICCResult "Black resigns"]
[WhiteElo "2251"]
[BlackElo "2605"]
[Opening "King's Indian: East Indian defense"]
[ECO "A48"]
[NIC "QP.06"]
[Time "21:02:36"]
[PlyCount "167"]
[TimeControl "2700+10"]

1. d4 Nf6 2. Nf3 g6 3. Nc3 d5 4. Bf4 Bg7 5. e3 O-O 6. Be2 c5 7. dxc5 Qa5 8.
Nd2 Qxc5 9. Nb3 Qb6 10. Nb5 Na6 11. Be5 Bg4 12. Bxg4 Qxb5 13. Be2 Qc6 14.
O-O Rfd8 15. Qd4 Ne8 16. c3 Bxe5 17. Qxe5 Qc7 18. Qg5 Nc5 19. Qg3 Qxg3 20.
hxg3 Na4 21. Rab1 Nd6 22. Nd4 e5 23. Nf3 f6 24. Bd1 Nc5 25. Bc2 Kf7 26. Nd2
Ke7 27. Bb3 Ke6 28. Rfd1 b5 29. f3 Nc4 30. Bxc4 dxc4 31. Kf2 f5 32. Nf1 Rd3
33. Rxd3 cxd3 34. Nd2 Rc8 35. e4 Rd8 36. Ke3 Na4 37. c4 b4 38. a3 bxa3 39.
bxa3 Nc3 40. Rc1 Ne2 41. Rh1 Nxg3 42. Rxh7 f4+ 43. Kf2 Rb8 44. Rxa7 Rb2 45.
Ke1 Rc2 46. Nb3 Kf6 47. Rd7 Rc3 48. Nc5 Rxc4 49. Nxd3 Rc3 50. Rd6+ Ke7 51.
Rd5 Rxa3 52. Nxe5 g5 53. Nc6+ Kf6 54. e5+ Kg6 55. Rd6+ Kh5 56. Kd1 Nf5 57.
Rf6 Ne3+ 58. Kd2 Nc4+ 59. Kc2 Ne3+ 60. Kb2 Nc4+ 61. Kc2 Ra6 62. Nd8 Ne3+
63. Kd3 Ra3+ 64. Kd4 Ra4+ 65. Kc5 Ra5+ 66. Kc6 Ra6+ 67. Kd7 Ra7+ 68. Ke8
Nd5 69. Rd6 Nc7+ 70. Kf8 Ra8 71. Kf7 Kh4 72. Rd7 Na6 73. e6 Nc5 74. Rd5
Nxe6 75. Nxe6 g4 76. Rg5 gxf3 77. gxf3 Ra3 78. Rg4+ Kh3 79. Ng5+ Kh2 80.
Kf6 Ra4 81. Kf5 Kh1 82. Rxf4 Ra3 83. Kg4 Kg2 84. Re4 { Black resigns } 1-0

[Event "ICC tourney 2410 (45 10)"]
[Site "Internet Chess Club"]
[Date "2021.02.27"]
[Round "5"]
[White "GUHA, ROHIT:RG2017"]
[Black "BRUHA, NICHOLAS:mentosandcoke"]
[Result "1/2-1/2"]
[ICCResult "White stalemated"]
[WhiteElo "1998"]
[BlackElo "1933"]
[Opening "Dutch: classical variation"]
[ECO "A96"]
[NIC "HD.01"]
[Time "21:01:45"]
[PlyCount "146"]
[TimeControl "2700+10"]

1. d4 e6 2. c4 f5 3. Nf3 Nf6 4. g3 Be7 5. Bg2 O-O 6. O-O d6 7. Nc3 Ne4 8.
Qc2 Nxc3 9. Qxc3 a5 10. Rd1 Bf6 11. b3 Nc6 12. Bb2 Qe8 13. Qc2 e5 14. d5
Nb4 15. Qc1 f4 16. Nd2 fxg3 17. hxg3 Bf5 18. Ne4 Qg6 19. a3 Bxe4 20. axb4
Bxg2 21. Kxg2 Qe4+ 22. Kg1 Qxe2 23. Re1 Qf3 24. bxa5 Bg5 25. Qc2 Rf6 26.
Qe2 Qxb3 27. Kg2 Raf8 28. Rf1 Qf3+ 29. Qxf3 Rxf3 30. Bc1 Bxc1 31. Raxc1 Ra3
32. Ra1 Rxa1 33. Rxa1 Ra8 34. Kf3 Ra6 35. Ke4 b6 36. c5 Rxa5 37. cxd6 cxd6
38. Rb1 b5 39. Rc1 b4 40. Rc8+ Kf7 41. Rb8 Ra2 42. Rxb4 Rxf2 43. Rb7+ Kg6
44. Rd7 Rf6 45. g4 Rf4+ 46. Ke3 Rxg4 47. Rxd6+ Kf5 48. Rd8 Rd4 49. d6 Ke6
50. Rg8 Kf7 51. Rd8 h5 52. d7 h4 53. Kf2 g5 54. Kg2 Ke7 55. Re8+ Kxd7 56.
Rxe5 g4 57. Rh5 Rd2+ 58. Kh1 h3 59. Rg5 Rd4 60. Kh2 Ke6 61. Kg3 Kf6 62. Rg8
Ke5 63. Re8+ Kd5 64. Ra8 Kc4 65. Ra4+ Kd3 66. Ra8 Ke2 67. Ra1 Rd1 68. Ra4
Rg1+ 69. Kh2 Rg2+ 70. Kh1 Rg3 71. Kh2 Rg2+ 72. Kh1 Kf3 73. Rf4+ Kxf4 {
White stalemated } 1/2-1/2